General information
- name: BNet
- type: Ladder team game (AT/RT)
- host: Battle.net
- saver: SaturdayOwnage
map: DragonFalls
- players: 8
- length: 39:13
- speed: Fast
- version: 1.26 W3XP
- replay type: Public
» download(262 KB)
Players
team 1 (winner)
AnyGivenHyundai (
blue | 51 APM | 516 actions | 10:08)
4 Dark Ranger
2 Black Arrow
2 Silence
1 Priestess of the Moon
1 Searing Arrows
» actions
| Basic commands | 42 | |
| Build / train | 60 | |
| Enter build submenu | 15 | |
| Enter hero's abilities submenu | 5 | |
| Right click | 169 | |
| Select / deselect | 196 | |
| Use ability | 29 | |
516 total
» units
| Wisp | 26 | |
| Archer | 16 | |
| Hippogryph | 2 | |
44 total
» upgrades
| Strength of the Moon | 1 | |
| Moon Armor | 1 | |
| Ultravision | 1 | |
| Hippogryph Taming | 1 | |
4 total
» buildings
| Altar of Elders | 1 | |
| Moon Well | 6 | |
| Ancient of War | 2 | |
| Ancient of Wonders | 1 | |
| Tree of Life | 1 | |
| Tree of Ages | 1 | |
| Hunter's Hall | 1 | |
| Ancient of Wind | 3 | |
16 total
» build order
00:10 Altar of Elders
00:14 Moon Well
00:26 Ancient of War
01:25 Moon Well
01:56 Ancient of Wonders
03:54 Tree of Life
04:15 Moon Well
05:13 Tree of Ages
05:16 Hunter's Hall
05:39 Ancient of War
07:17 Moon Well
07:48 Ancient of Wind
08:21 Ancient of Wind
08:24 Ancient of Wind
08:44 Moon Well
09:57 Moon Well

»
RYBA_ (
green | 113 APM | 4238 actions | 37:39)
5 Blademaster
2 Wind Walk
3 Critical Strike
3 Shadow Hunter
1 Hex
2 Healing Wave
2 Dark Ranger
1 Silence
1 Charm
2 Priestess of the Moon
2 Trueshot Aura
» actions
| Assign group hotkey | 50 | |
| Basic commands | 507 | |
| Build / train | 140 | |
| ESC pressed | 5 | |
| Enter build submenu | 31 | |
| Enter hero's abilities submenu | 12 | |
| Give item / drop item | 2 | |
| Right click | 1240 | |
| Select / deselect | 921 | |
| Select group hotkey | 1203 | |
| Use ability | 127 | |
4238 total
» units
| Peon | 22 | |
| Grunt | 9 | |
| Wind Rider | 9 | |
| Troll Witch Doctor | 5 | |
| Hippogryph | 6 | |
| Archer | 1 | |
| Shaman | 6 | |
| Raider | 2 | |
| Chimaera | 3 | |
| Tauren | 4 | |
| Kodo Beast | 1 | |
68 total
» upgrades
| Witch Doctor Training | 2 | |
| Envenomed Spears | 1 | |
| Armor | 1 | |
| Improved Bows | 1 | |
| Strength of the Moon | 2 | |
| Shaman Training | 2 | |
| Reinforced Defenses | 1 | |
| Ranged Weapons | 1 | |
| Moon Armor | 1 | |
| Corrosive Breath | 1 | |
| Strength of the Wild | 1 | |
| Reinforced Hides | 1 | |
| Pulverize | 1 | |
16 total
» buildings
| Altar of Storms | 1 | |
| Orc Burrow | 8 | |
| Barracks | 1 | |
| Voodoo Lounge | 1 | |
| Stronghold | 1 | |
| Great Hall | 2 | |
| War Mill | 1 | |
| Fortress | 1 | |
| Spirit Lodge | 1 | |
| Beastiary | 2 | |
| Tree of Eternity | 3 | |
| Moon Well | 3 | |
| Tauren Totem | 4 | |
| Chimaera Roost | 3 | |
32 total
» build order
00:09 Altar of Storms
00:18 Orc Burrow
00:48 Barracks
01:33 Orc Burrow
01:45 Voodoo Lounge
03:13 Stronghold
03:47 Great Hall
04:17 War Mill
05:10 Orc Burrow
06:00 Fortress
06:03 Spirit Lodge
06:05 Orc Burrow
08:13 Beastiary
08:14 Beastiary
08:53 Orc Burrow
09:25 Orc Burrow
10:46 Orc Burrow
11:47 Tree of Eternity
11:47 Tree of Eternity
11:47 Tree of Eternity
11:49 Moon Well
13:55 Orc Burrow
16:17 Tauren Totem
16:18 Tauren Totem
16:21 Tauren Totem
18:01 Tauren Totem
18:21 Chimaera Roost
18:22 Chimaera Roost
18:22 Chimaera Roost
18:27 Moon Well
21:00 Moon Well
24:59 Great Hall
» items
| Healing Salve | 3 | |
| Orb of Lightning | 1 | |
| Lesser Clarity Potion | 1 | |
| Scroll of Town Portal | 2 | |
| Potion of Healing | 1 | |
| Potion of Mana | 1 | |
9 total
scadinha (
orange | 43 APM | 1594 actions | 36:38)
8 Death Knight
3 Death Coil
3 Unholy Aura
1 Animate Dead
1 Death Pact
1 Priestess of the Moon
1 Trueshot Aura
» actions
| Assign group hotkey | 54 | |
| Basic commands | 191 | |
| Build / train | 73 | |
| Enter build submenu | 22 | |
| Enter hero's abilities submenu | 9 | |
| Give item / drop item | 3 | |
| Remove unit from queue | 1 | |
| Right click | 339 | |
| Select / deselect | 313 | |
| Select group hotkey | 503 | |
| Use ability | 86 | |
1594 total
» units
| Acolyte | 15 | |
| Ghoul | 4 | |
| Crypt Fiend | 13 | |
| Frost Wyrm | 7 | |
| Hippogryph | 3 | |
| Chimaera | 1 | |
43 total
» upgrades
| Cannibalize | 0 | |
| Creature Attack | 1 | |
| Creature Carapace | 2 | |
| Web | 1 | |
| Freezing Breath | 1 | |
5 total
» buildings
| Ziggurat | 9 | |
| Altar of Darkness | 1 | |
| Crypt | 1 | |
| Graveyard | 1 | |
| Tomb of Relics | 1 | |
| Nerubian Tower | 2 | |
| Spirit Tower | 3 | |
| Halls of the Dead | 1 | |
| Black Citadel | 2 | |
| Sacrificial Pit | 1 | |
| Boneyard | 2 | |
| Moon Well | 1 | |
| Hunter's Hall | 1 | |
26 total
» build order
00:14 Ziggurat
00:17 Altar of Darkness
00:46 Crypt
01:05 Ziggurat
01:12 Graveyard
01:35 Tomb of Relics
02:26 Nerubian Tower
02:47 Spirit Tower
04:05 Ziggurat
05:11 Halls of the Dead
07:32 Black Citadel
07:32 Black Citadel
08:01 Sacrificial Pit
08:08 Ziggurat
08:09 Ziggurat
09:55 Boneyard
09:56 Boneyard
09:58 Ziggurat
09:59 Ziggurat
11:19 Nerubian Tower
14:32 Ziggurat
14:35 Ziggurat
16:22 Spirit Tower
16:23 Spirit Tower
20:13 Moon Well
21:25 Hunter's Hall
» items
| Rod of Necromancy | 1 | |
| Lesser Clarity Potion | 1 | |
| Dust of Appearance | 2 | |
| Scroll of Town Portal | 2 | |
6 total
NatAmerSpirits (
purple | 56 APM | 2194 actions | 39:13)
5 Blademaster
3 Wind Walk
2 Critical Strike
» actions
| Assign group hotkey | 45 | |
| Basic commands | 320 | |
| Build / train | 72 | |
| Enter build submenu | 47 | |
| Enter hero's abilities submenu | 5 | |
| Give item / drop item | 5 | |
| Remove unit from queue | 1 | |
| Right click | 853 | |
| Select / deselect | 464 | |
| Select group hotkey | 207 | |
| Use ability | 175 | |
2194 total
» units
| Peon | 9 | |
| Grunt | 4 | |
| Goblin Shredder | 2 | |
| Goblin Zeppelin | 2 | |
| Troll Batrider | 6 | |
| Green Dragon | 2 | |
| Wind Rider | 8 | |
| Goblin Sapper | 4 | |
37 total
» upgrades
| Reinforced Defenses | 1 | |
| Liquid Fire | 1 | |
| Troll Regeneration | 1 | |
| Ranged Weapons | 2 | |
| Armor | 2 | |
| Envenomed Spears | 1 | |
8 total
» buildings
| Orc Burrow | 8 | |
| Altar of Storms | 1 | |
| Barracks | 1 | |
| Voodoo Lounge | 2 | |
| Stronghold | 1 | |
| War Mill | 2 | |
| Great Hall | 2 | |
| Watch Tower | 27 | |
| Fortress | 1 | |
| Beastiary | 4 | |
49 total
» build order
00:12 Orc Burrow
00:36 Orc Burrow
01:10 Altar of Storms
01:11 Barracks
01:40 Voodoo Lounge
02:52 Stronghold
04:03 War Mill
04:06 Orc Burrow
05:15 Great Hall
07:06 Watch Tower
07:06 Watch Tower
07:07 Watch Tower
07:14 Fortress
07:54 Voodoo Lounge
10:42 Watch Tower
10:42 Watch Tower
11:41 Beastiary
11:42 Beastiary
11:42 Beastiary
11:45 Beastiary
11:47 Orc Burrow
11:52 Watch Tower
12:22 Watch Tower
12:25 Watch Tower
13:36 Great Hall
13:40 Watch Tower
13:41 Watch Tower
13:41 Watch Tower
13:55 Watch Tower
15:09 Watch Tower
15:09 Watch Tower
15:10 Watch Tower
15:10 Watch Tower
20:58 Watch Tower
23:18 Orc Burrow
23:19 Orc Burrow
23:21 Orc Burrow
23:26 Orc Burrow
23:30 Watch Tower
23:31 Watch Tower
23:36 Watch Tower
23:37 Watch Tower
26:31 War Mill
» items
| Healing Salve | 3 | |
| Potion of Mana | 3 | |
| Lesser Clarity Potion | 3 | |
| Potion of Healing | 2 | |
| Scroll of Town Portal | 2 | |
| Orb of Lightning | 1 | |
| Periapt of Vitality | 2 | |
| Staff of Teleportation | 1 | |
| Potion of Lesser Invulnerability | 1 | |
18 total
team 2 (loser)
ChOnChO (
pink | 130 APM | 2534 actions | 19:25)
4 Mountain King
2 Storm Bolt
2 Bash
2 Paladin
1 Holy Light
1 Divine Shield
» actions
| Assign group hotkey | 155 | |
| Basic commands | 1 | |
| Build / train | 110 | |
| Enter build submenu | 25 | |
| Enter hero's abilities submenu | 6 | |
| Give item / drop item | 1 | |
| Right click | 1301 | |
| Select / deselect | 230 | |
| Select group hotkey | 571 | |
| Use ability | 134 | |
2534 total
» units
| Peasant | 21 | |
| Footman | 14 | |
| Furbolg Shaman | 1 | |
| Gryphon Rider | 5 | |
| Dragonhawk Rider | 19 | |
| Rifleman | 1 | |
| Spell Breaker | 1 | |
62 total
» upgrades
| Swords | 1 | |
| Lumber Harvesting | 2 | |
| Storm Hammers | 1 | |
| Control Magic | 1 | |
5 total
» buildings
| Barracks | 1 | |
| Altar of Kings | 1 | |
| Farm | 11 | |
| Lumber Mill | 1 | |
| Scout Tower | 3 | |
| Arcane Tower | 6 | |
| Arcane Vault | 1 | |
| Town Hall | 1 | |
| Keep | 1 | |
| Blacksmith | 1 | |
| Castle | 1 | |
| Gryphon Aviary | 2 | |
| Arcane Sanctum | 1 | |
31 total
» build order
00:23 Barracks
00:35 Altar of Kings
00:51 Farm
01:05 Farm
01:42 Lumber Mill
02:14 Farm
02:28 Scout Tower
02:49 Farm
02:50 Farm
02:56 Arcane Tower
03:13 Arcane Vault
04:23 Town Hall
05:35 Keep
06:00 Scout Tower
06:07 Blacksmith
06:30 Arcane Tower
06:30 Arcane Tower
07:57 Castle
08:01 Gryphon Aviary
08:01 Gryphon Aviary
09:36 Farm
09:37 Farm
10:41 Farm
10:41 Farm
10:42 Farm
10:48 Farm
11:13 Scout Tower
11:41 Arcane Tower
12:50 Arcane Sanctum
» items
| Scroll of Regeneration | 4 | |
| Lesser Clarity Potion | 8 | |
| Scroll of Town Portal | 1 | |
| Potion of Mana | 2 | |
15 total
Darkness917 (
yellow | 67 APM | 1284 actions | 19:11)
3 Blood Mage
2 Flame Strike
1 Siphon Mana
3 Paladin
2 Holy Light
1 Divine Shield
» actions
| Basic commands | 1 | |
| Build / train | 83 | |
| Enter build submenu | 30 | |
| Enter hero's abilities submenu | 6 | |
| Give item / drop item | 2 | |
| Remove unit from queue | 1 | |
| Right click | 590 | |
| Select / deselect | 478 | |
| Use ability | 93 | |
1284 total
» units
| Peasant | 17 | |
| Footman | 10 | |
| Mortar Team | 4 | |
| Priest | 5 | |
| Siege Engine | 3 | |
| Knight | 1 | |
| Flying Machine | 1 | |
41 total
» upgrades
| Defend | 1 | |
| Lumber Harvesting | 2 | |
| Masonry | 1 | |
| Flare | 1 | |
| Priest Training | 2 | |
| Gunpowder | 3 | |
| Fragmentation Shards | 1 | |
| Barrage | 1 | |
12 total
» buildings
| Altar of Kings | 1 | |
| Barracks | 1 | |
| Farm | 9 | |
| Lumber Mill | 2 | |
| Scout Tower | 9 | |
| Arcane Tower | 5 | |
| Keep | 2 | |
| Blacksmith | 1 | |
| Arcane Vault | 1 | |
| Town Hall | 1 | |
| Guard Tower | 1 | |
| Workshop | 4 | |
| Arcane Sanctum | 2 | |
| Castle | 1 | |
40 total
» build order
00:18 Altar of Kings
00:24 Barracks
00:28 Farm
00:56 Farm
01:27 Lumber Mill
01:46 Scout Tower
02:17 Arcane Tower
02:17 Arcane Tower
02:22 Scout Tower
02:39 Farm
02:45 Arcane Tower
03:46 Keep
03:46 Keep
03:51 Blacksmith
03:56 Arcane Vault
05:02 Scout Tower
05:03 Scout Tower
05:08 Town Hall
05:11 Scout Tower
05:12 Scout Tower
05:41 Guard Tower
06:25 Arcane Tower
07:26 Workshop
08:02 Workshop
08:21 Arcane Sanctum
08:30 Farm
09:19 Castle
09:37 Farm
10:06 Workshop
10:27 Workshop
11:24 Arcane Sanctum
11:41 Lumber Mill
12:36 Farm
12:41 Farm
13:46 Farm
13:48 Farm
16:51 Scout Tower
16:53 Scout Tower
16:53 Scout Tower
» items
| Healing Salve | 1 | |
| Scroll of Regeneration | 2 | |
| Scroll of Town Portal | 5 | |
| Lesser Clarity Potion | 1 | |
9 total

»
doctor-rock (
red | 83 APM | 1624 actions | 19:30)
3 Tauren Chieftain
2 War Stomp
1 Endurance Aura
3 Shadow Hunter
2 Hex
1 Healing Wave
» actions
| Assign group hotkey | 103 | |
| Basic commands | 33 | |
| Build / train | 52 | |
| ESC pressed | 6 | |
| Enter build submenu | 15 | |
| Enter hero's abilities submenu | 6 | |
| Right click | 874 | |
| Select / deselect | 227 | |
| Select group hotkey | 253 | |
| Use ability | 55 | |
1624 total
» units
| Peon | 10 | |
| Grunt | 6 | |
| Shaman | 6 | |
| Tauren | 8 | |
30 total
» upgrades
| Armor | 2 | |
| Melee Weapons | 2 | |
| Shaman Training | 2 | |
| Pulverize | 1 | |
| Spiked Barricades | 1 | |
8 total
» buildings
| Altar of Storms | 1 | |
| Orc Burrow | 6 | |
| Barracks | 1 | |
| Voodoo Lounge | 1 | |
| Stronghold | 1 | |
| War Mill | 1 | |
| Spirit Lodge | 1 | |
| Fortress | 1 | |
| Tauren Totem | 2 | |
| Watch Tower | 2 | |
17 total
» build order
00:09 Altar of Storms
00:20 Orc Burrow
00:38 Barracks
01:29 Orc Burrow
02:02 Voodoo Lounge
03:17 Stronghold
04:01 Orc Burrow
04:23 War Mill
05:25 Orc Burrow
05:40 Spirit Lodge
06:05 Fortress
08:30 Tauren Totem
08:31 Tauren Totem
10:23 Orc Burrow
12:36 Orc Burrow
17:07 Watch Tower
17:08 Watch Tower
» items
| Healing Salve | 2 | |
| Potion of Healing | 1 | |
| Scroll of Town Portal | 1 | |
4 total
SaturdayOwnage (
teal | 66 APM | 2594 actions | 39:13)
7 Blademaster
3 Wind Walk
3 Critical Strike
1 Bladestorm
2 Tauren Chieftain
1 Endurance Aura
1 War Stomp
1 Blood Mage
1 Banish
1 Shadow Hunter
1 Healing Wave
» actions
| Assign group hotkey | 128 | |
| Basic commands | 90 | |
| Build / train | 138 | |
| ESC pressed | 2 | |
| Enter build submenu | 49 | |
| Enter hero's abilities submenu | 13 | |
| Give item / drop item | 8 | |
| Right click | 964 | |
| Select / deselect | 378 | |
| Select group hotkey | 590 | |
| Use ability | 234 | |
2594 total
» units
| Peon | 13 | |
| Grunt | 4 | |
| Goblin Shredder | 1 | |
| Goblin Zeppelin | 2 | |
| Wind Rider | 10 | |
| Siege Engine | 1 | |
| Peasant | 5 | |
| Goblin Sapper | 6 | |
| Troll Batrider | 2 | |
44 total
» upgrades
| Armor | 3 | |
| Berserker Strength | 1 | |
| Pillage | 1 | |
| Ranged Weapons | 3 | |
| Reinforced Defenses | 2 | |
| Envenomed Spears | 1 | |
| Spiked Barricades | 3 | |
| Liquid Fire | 1 | |
| War Drums Damage Increase | 1 | |
| Masonry | 2 | |
| Troll Regeneration | 1 | |
| Backpack | 1 | |
| Melee Weapons | 3 | |
| Ensnare | 1 | |
| Berserker Upgrade | 1 | |
| Burning Oil | 1 | |
26 total
» buildings
| Orc Burrow | 10 | |
| Barracks | 1 | |
| Altar of Storms | 1 | |
| Voodoo Lounge | 1 | |
| Stronghold | 4 | |
| War Mill | 2 | |
| Great Hall | 2 | |
| Watch Tower | 28 | |
| Fortress | 3 | |
| Beastiary | 4 | |
| Altar of Kings | 1 | |
57 total
» build order
00:17 Orc Burrow
00:54 Barracks
00:58 Altar of Storms
01:30 Orc Burrow
02:09 Voodoo Lounge
02:35 Orc Burrow
04:14 Stronghold
04:15 Stronghold
04:15 Stronghold
04:37 War Mill
06:04 Great Hall
06:09 Watch Tower
06:10 Watch Tower
06:37 Watch Tower
07:27 Watch Tower
07:28 Watch Tower
07:30 Watch Tower
07:31 Watch Tower
07:35 Watch Tower
07:35 Watch Tower
09:39 Fortress
09:39 Fortress
11:03 Beastiary
11:04 Beastiary
11:11 Beastiary
11:22 Beastiary
11:25 Watch Tower
11:30 Watch Tower
11:32 Watch Tower
12:30 Orc Burrow
13:43 Watch Tower
13:44 Watch Tower
13:45 Watch Tower
13:46 Watch Tower
13:49 Watch Tower
13:54 Watch Tower
16:04 Watch Tower
16:05 Watch Tower
16:07 Watch Tower
16:08 Watch Tower
22:06 Orc Burrow
22:07 Orc Burrow
26:42 Watch Tower
26:43 Watch Tower
26:43 Watch Tower
26:44 Watch Tower
26:45 Watch Tower
26:46 Watch Tower
28:22 Orc Burrow
28:24 Orc Burrow
28:29 Orc Burrow
28:30 Orc Burrow
31:20 Altar of Kings
35:16 War Mill
35:23 Great Hall
» items
| Healing Salve | 9 | |
| Lesser Clarity Potion | 6 | |
| Boots of Speed | 1 | |
| Orb of Lightning | 1 | |
| Scroll of Town Portal | 2 | |
| Potion of Mana | 1 | |
20 total
Chat log
(00:13 / Allies) doctor-rock: what up
(00:14 / Allies) ChOnChO: yo
(00:19 / Allies) ChOnChO: sup homies
(00:26 / Allies) SaturdayOwnage: sup sup muh nigguh what it do
(00:27 / All) doctor-rock: spirits are pretty tasty
(00:34 / Allies) doctor-rock: lol
(00:40 / Allies) ChOnChO: nada!!
(00:41 / Allies) ChOnChO: :O
(00:42 / Allies) Darkness917: foots to tanks here
(00:46 / All) NatAmerSpirits: you know what's up
(00:47 / Allies) SaturdayOwnage: ayyyyy
(00:49 / Allies) doctor-rock: chillin homie
(01:02 / Allies) ChOnChO: bet dawg
(01:07 / Allies) ChOnChO: white power
(01:17 / Allies) ChOnChO: LOL
(01:20 / Allies) doctor-rock: women's rights
(01:45 / Allies) SaturdayOwnage: double the work force and then half wages expecting both people in the household to work
(01:49 / Allies) SaturdayOwnage: more money for da jooz
(03:02 / Allies) doctor-rock: wanna creep expo yellow?
(03:03 / Allies) ChOnChO: guess ill gryph
(03:05 / Allies) Darkness917: k
(03:22 / Allies) doctor-rock: i'll get some blood lust and cows
(03:27 / Allies) ChOnChO: lmfao
(03:52 / Allies) SaturdayOwnage: mind if I creep pink? was just buying items
(03:57 / Allies) ChOnChO: idc
(03:58 / Allies) ChOnChO: im nota jew
(03:59 / Allies) SaturdayOwnage: k
(04:03 / Allies) SaturdayOwnage: ;awl
(04:07 / Allies) ChOnChO: F U I TK
(04:09 / Allies) ChOnChO: GET BACK
(04:10 / Allies) doctor-rock: lol it
(04:15 / Allies) ChOnChO: HA
(04:16 / Allies) ChOnChO: JK
(04:20 / Allies) Darkness917: will u exp
(04:21 / Allies) Darkness917: or me
(04:23 / Allies) Darkness917: red
(04:24 / Allies) SaturdayOwnage: let's creep top mid
(04:26 / Allies) SaturdayOwnage: so I can expo too
(04:29 / Allies) doctor-rock: um you
(04:48 / Allies) Darkness917: k
(05:31 / All) NatAmerSpirits: who else got latency
(05:46 / All) SaturdayOwnage: everyone
(05:51 / All) SaturdayOwnage: cuz gay ass blizzard built it in
(05:55 / All) NatAmerSpirits: I mean
(05:56 / All) NatAmerSpirits: lag
(05:58 / All) SaturdayOwnage: here's hoping the new patch fixes that
(06:53 / Allies) doctor-rock: b
(07:12 / All) NatAmerSpirits: I got lots of lag
(08:55 / All) NatAmerSpirits: mher faggot
(09:01 / All) ChOnChO: lol?
(09:04 / All) ChOnChO: run in ur base
(09:07 / All) ChOnChO: and see shredder rofl
(09:09 / All) ChOnChO: fuck off
(09:12 / All) ChOnChO: no
(09:14 / All) ChOnChO: run in to kill workers
(09:19 / All) ChOnChO: i see srhedder too
(09:20 / All) NatAmerSpirits: RIGHT
(09:21 / All) NatAmerSpirits: RIGHT
(09:22 / All) NatAmerSpirits: mher
(09:23 / All) ChOnChO: LOL
(09:23 / All) ChOnChO: IDC
(09:25 / All) ChOnChO: WHAT U THINK
(09:27 / All) ChOnChO: IF I MH OR NOT
(09:30 / All) ChOnChO: IDG A FUCK
(09:31 / All) ChOnChO: BRA
(09:32 / All) NatAmerSpirits: WHAT A COINCIDENCE
(09:43 / All) ChOnChO: mata fact ill go dl it after
(09:45 / All) ChOnChO: think i give a fuck
(09:51 / All) NatAmerSpirits: Right to my shreddar with little health
(09:53 / All) NatAmerSpirits: for my "workers"
(09:54 / All) NatAmerSpirits: LOL
(09:55 / All) NatAmerSpirits: yaeh
(09:57 / All) SaturdayOwnage: where would you even download that kind of thing
(09:57 / All) ChOnChO: YA
(09:58 / All) ChOnChO: YA
(09:58 / All) SaturdayOwnage: anyway
(09:59 / All) ChOnChO: PWNT
(09:59 / All) SaturdayOwnage: pink?
(10:00 / All) NatAmerSpirits: with two bms chasing your low health hero
(10:01 / All) ChOnChO: PwNT
(10:01 / All) ChOnChO: CRY
(10:05 / All) ChOnChO: OVA SHREDDER
(10:07 / All) NatAmerSpirits: you're such a fucking low IQ scumbag
(10:08 / All) ChOnChO: riGHT IN VIEW
(10:10 / All) ChOnChO: BUT ITS MH
(10:11 / All) NatAmerSpirits: pink is hacfking
(10:11 / All) ChOnChO: GTOF
(10:13 / All) ChOnChO: LOLOL
(10:15 / All) ChOnChO: no
(10:15 / All) NatAmerSpirits: drop hack too
(10:15 / All) ChOnChO: Ur crying
(10:18 / All) ChOnChO: oh yea
(12:02 / Allies) ChOnChO: HIT THEM
(12:02 / Allies) ChOnChO: END
(13:21 / Allies) ChOnChO: B
(13:22 / Allies) ChOnChO: TP
(13:22 / Allies) Darkness917: b
(13:29 / Allies) ChOnChO: wood
(13:29 / Allies) ChOnChO: plz
(13:30 / Allies) Darkness917: aa comin
(14:32 / Allies) ChOnChO: bm
(14:37 / Allies) SaturdayOwnage: mh?
(14:42 / Allies) doctor-rock: lol
(14:42 / Allies) ChOnChO: he just ran thru me
(14:43 / Allies) ChOnChO: ...
(14:45 / Allies) ChOnChO: wtf?
(14:48 / Allies) ChOnChO: u didnt c?
(14:52 / Allies) SaturdayOwnage: I do have maphacka nd you pinged it when it was right fucking there
(14:54 / Allies) ChOnChO: now ua ccuse
(14:58 / Allies) ChOnChO: HE RAN THRU ME TO U
(14:58 / Allies) ChOnChO: ADN UR BM
(15:00 / Allies) ChOnChO: WAS INR ED
(15:00 / Allies) ChOnChO: LOL
(15:03 / Allies) SaturdayOwnage: yeah
(15:05 / Allies) SaturdayOwnage: and you pinged
(15:06 / Allies) SaturdayOwnage: exactly
(15:07 / Allies) SaturdayOwnage: where
(15:07 / Allies) SaturdayOwnage: it
(15:08 / Allies) SaturdayOwnage: fucking
(15:08 / Allies) SaturdayOwnage: was
(15:09 / Allies) SaturdayOwnage: lol
(15:11 / Allies) ChOnChO: I PING TO GET BM
(15:11 / Allies) ChOnChO: BACK
(15:12 / Allies) ChOnChO: ROFL
(15:12 / Allies) SaturdayOwnage: COMMON SENSE
(15:13 / Allies) SaturdayOwnage: BITCH
(15:15 / Allies) ChOnChO: teal
(15:19 / Allies) ChOnChO: bm ran thru me
(15:20 / Allies) ChOnChO: ...
(15:21 / Allies) ChOnChO: to u
(15:22 / Allies) SaturdayOwnage: and
(15:22 / Allies) ChOnChO: ..
(15:23 / Allies) SaturdayOwnage: you pinged
(15:24 / Allies) ChOnChO: then i see
(15:24 / Allies) ChOnChO: ur bm
(15:25 / Allies) SaturdayOwnage: RIGHT WHERE IT WAS
(15:26 / Allies) ChOnChO: with red health
(15:29 / Allies) ChOnChO: and i ping at ur bm
(15:29 / Allies) SaturdayOwnage: and are already accused of being a hacker
(15:32 / Allies) SaturdayOwnage: looks like you are one lol
(15:37 / Allies) ChOnChO: rofl.
(15:38 / Allies) ChOnChO: omg
(15:47 / Allies) ChOnChO: fiuckin joke
(15:54 / Allies) SaturdayOwnage: you're a joke
(15:55 / Allies) ChOnChO: i try warn u
(15:57 / Allies) SaturdayOwnage: hacker trash who cares about wins
(16:05 / Allies) ChOnChO: how the fuck i hack?
(16:08 / Allies) ChOnChO: he ran thru me to u
(16:10 / Allies) ChOnChO: i PING UR BM
(16:12 / Allies) ChOnChO: all i did
(16:13 / Allies) SaturdayOwnage: ask purple
(16:14 / Allies) SaturdayOwnage: how you hack
(16:14 / Allies) ChOnChO: IS PING UR BM
(16:20 / Allies) ChOnChO: wtf
(16:21 / Allies) ChOnChO: weird people
(16:28 / Allies) SaturdayOwnage: dumbass low IQ people
(16:31 / Allies) ChOnChO: teal
(16:34 / Allies) ChOnChO: wtf?
(16:34 / Allies) SaturdayOwnage: you
(16:37 / Allies) ChOnChO: i fucking PING
(16:38 / Allies) ChOnChO: TO WARN U
(16:41 / Allies) ChOnChO: AND i mh?
(16:46 / Allies) doctor-rock: gg
(16:50 / Allies) SaturdayOwnage: you're obvious mh
(16:54 / All) SaturdayOwnage: Pink pings exactly where a bm is
(16:56 / Allies) ChOnChO: how the fuck i mh?
(16:57 / All) SaturdayOwnage: and then claims he isn't hacking
(16:57 / All) ChOnChO: LOL
(16:59 / All) SaturdayOwnage: just a coincidence
(17:02 / All) ChOnChO: BM RUNS THRU ME
(17:07 / All) ChOnChO: AND I PING HIS BM SAY CAREFUL
(17:14 / All) ChOnChO: people are so funny
(17:14 / All) SaturdayOwnage: well you're already a suspected hacker
(17:15 / All) ChOnChO: wow
(17:17 / All) SaturdayOwnage: so this is the icing on the cake
(17:20 / All) SaturdayOwnage: bitch
(17:24 / All) ChOnChO: bitch suck a dick
(17:27 / All) ChOnChO: fucking idiot noob
(17:37 / All) ChOnChO: ice ur own cake
(17:37 / All) SaturdayOwnage: why don't you go give head to your tranny mother
(17:44 / All) SaturdayOwnage: faggot?
(17:59 / All) ChOnChO: lol fuck urs, divorced pathetic kid
(18:08 / All) SaturdayOwnage: least my divorced mom is a real mom
(18:11 / All) ChOnChO: When ally helps u
(18:12 / All) SaturdayOwnage: and not some sick fuck who adopted me
(18:15 / All) ChOnChO: ur really fucked in the head
(18:25 / All) SaturdayOwnage: only one raging is you lol
(18:27 / Allies) Darkness917: ib
(18:30 / All) ChOnChO: u are
(18:31 / All) ChOnChO: u tkd
(18:32 / All) ChOnChO: for nothing
(18:36 / All) SaturdayOwnage: I tk all the time
(18:40 / All) ChOnChO: when i warn u bm ran thru me to u rofl
(18:40 / All) SaturdayOwnage: every game I play I tk, it's what I do
(18:43 / All) ChOnChO: u got probs
(18:43 / All) SaturdayOwnage: and you're prime person to tk
(18:47 / All) ChOnChO: k
(18:50 / All) ChOnChO: ill do the same
(18:50 / All) SaturdayOwnage: you're a hacker so you're free pickings, my team won't retaliate
(18:56 / All) SaturdayOwnage: I use new names every game so good luck
(18:56 / All) ChOnChO: lol, aint no hacker
(18:59 / Allies) Darkness917: but im not hacker dude
(18:59 / All) ChOnChO: I ping to help
(19:02 / All) ChOnChO: ur a idiot
(19:03 / All) SaturdayOwnage: 100% are a hacker
(19:06 / All) ChOnChO: LOL
(19:12 / All) ChOnChO: BC i ping BM THAT RAN
(19:14 / All) ChOnChO: THRU NME
(19:21 / All) ChOnChO: go fuck ur self lil nerd
(20:36 / All) SaturdayOwnage: hacker down
(24:31 / All) SaturdayOwnage: gg
(24:34 / All) SaturdayOwnage: easy win
(24:43 / All) SaturdayOwnage: you guys can stop wasting my time now
(24:48 / All) SaturdayOwnage: so I can find a new game
(24:55 / All) SaturdayOwnage: and rape more noobs like tyou scrubs
(31:36 / All) scadinha: LOST GAME
(31:39 / All) SaturdayOwnage: gg
(32:12 / All) NatAmerSpirits: The lesson here is don't threaten the god of battle net
(35:29 / All) scadinha: vc e um idiota que se eu pego te mato
(35:35 / All) SaturdayOwnage: hue hue hue
(35:39 / All) SaturdayOwnage: jajaja
(35:52 / All) SaturdayOwnage: jajajajajajaja
(35:54 / All) SaturdayOwnage: gg jaja
(37:24 / All) NatAmerSpirits: You should apologize!
(37:29 / All) NatAmerSpirits: You threatened the god of battle net!
(37:31 / All) NatAmerSpirits: now you lose1
(37:43 / All) NatAmerSpirits: lawl
(37:45 / All) SaturdayOwnage: who loses
(37:47 / All) SaturdayOwnage: pink?
(37:50 / All) NatAmerSpirits: lets stats
(37:52 / All) SaturdayOwnage: k
(37:59 / All) NatAmerSpirits: green above average rec
(38:03 / All) SaturdayOwnage: did he actually mh I didn't pay attention much, I just wanted excuse to tk him
(38:13 / All) NatAmerSpirits: not sure
(38:14 / All) SaturdayOwnage: 194-167 solo yellow 132-123 team
(38:16 / All) NatAmerSpirits: REALLY fishy tho
(38:23 / All) NatAmerSpirits: why the fuck he would run into my base
(38:27 / All) SaturdayOwnage: 50-31 pink wow
(38:30 / All) NatAmerSpirits: except that he has mh and saw my hurt shreddar
(38:37 / All) SaturdayOwnage: and red 112-98
(38:39 / All) SaturdayOwnage: I say my team lose
(38:41 / All) NatAmerSpirits: he had 2 bms hounding his mk
(38:46 / All) NatAmerSpirits: that was hurt
(38:49 / All) SaturdayOwnage: he pinged your bm at a convenient time too
(38:52 / All) NatAmerSpirits: why would he decide to harass before tping
(38:53 / All) SaturdayOwnage: he pinged right on it
(38:55 / All) SaturdayOwnage: when it ran by
(38:56 / All) NatAmerSpirits: he would have got 0 workers
(38:59 / All) SaturdayOwnage: he could just be warning, but
(39:02 / All) SaturdayOwnage: his ping was RIGHT on it
(39:05 / All) NatAmerSpirits: I say pink loses, pretty good chance he mhs
(39:12 / All) SaturdayOwnage: yeah and my team has good stats